 Dungeon Crawl Stone Soup version 0.20-a0-983-g35de22d (webtiles) character file.

163 Ordine the Sneak (level 5, -3/38 HPs)
             Began as an Octopode Monk on Apr 10, 2017.
             Slain by M4edhros's ghost (7 damage)
             ... on level 3 of the Dungeon.
             The game lasted 00:06:35 (2479 turns).

Ordine the Sneak (Octopode Monk)                    Turns: 2479, Time: 00:06:35

Health: -3/38      AC:  1    Str: 16    XL:     5   Next: 44%
Magic:  5/5        EV: 15    Int: 13    God:
Gold:   159        SH:  0    Dex: 14    Spells: 4/4 levels left

rFire    . . .     SeeInvis .     - Unarmed
rCold    . . .     Gourm    .   (no shield)
rNeg     . . .     Faith    .   (helmet restricted)
rPois    .         Spirit   .   (no amulet)
rElec    .         Reflect  .   (no ring)
rCorr    .         Harm     .   (no ring)
MR       .....                  (no ring)
Stlth    ++++......             (no ring)
Regen    0.2/turn               (no ring)
MPRegen  0.1/turn               (no ring)
                                (no ring)
                                (no ring)

@: mighty
A: almost no armour, stealthy swim, amphibious, 8 rings, constrict 8, camouflage
1, gelatinous body 1
a: no special abilities


You were on level 3 of the Dungeon.
You were not hungry.

You visited 1 branch of the dungeon, and saw 3 of its levels.

You collected 159 gold pieces.

Inventory:

Missiles
 c - 152 stones (quivered)
 m - 2 tomahawks
Jewellery
 o - an uncursed amulet of the gourmand {unknown}
Scrolls
 i - a scroll of immolation
 p - a scroll of enchant armour {unknown}
Potions
 f - a potion of flight {unknown}
 h - a potion of cancellation {unknown}
 j - a potion of magic {unknown}
 l - a potion of agility {unknown}
 n - a potion of heal wounds {unknown}
Comestibles
 a - 3 bread rations
 b - 3 fruits
 d - a royal jelly
 g - 8 chunks of flesh


   Skills:
 + Level 4.5 Fighting
 + Level 4.4 Dodging
 + Level 6.3 Stealth
 * Level 3.2 Unarmed Combat


You had 4 spell levels left.
You didn't know any spells.

Dungeon Overview and Level Annotations

Branches:
Dungeon (3/15)

Altars:
Okawaru
Uskayaw

Annotations:
D:3 M4edhros's ghost, weakling SpTm


Innate Abilities, Weirdness & Mutations

You cannot wear most types of armour.
You are very stealthy in the water. (Stealth+)
You are amphibious.
You can wear up to eight rings at the same time.
You can use your tentacles to constrict eight enemies at once.
Your skin changes colour to match your surroundings (Stealth+).
Your rubbery body absorbs attacks. (AC +1, EV +1)


Message History

M4edhros's ghost is heavily damaged.
M4edhros's ghost barely misses you.
You miss M4edhros's ghost.
M4edhros's ghost is heavily damaged.
M4edhros's ghost hits you!
* * * LOW HITPOINT WARNING * * *
It was a potion of might.
You feel very mighty all of a sudden. M4edhros's ghost barely misses you.
You miss M4edhros's ghost. Your squeeze misses M4edhros's ghost.
M4edhros's ghost is heavily damaged.
M4edhros's ghost misses you.
You closely miss M4edhros's ghost.
M4edhros's ghost is heavily damaged.
M4edhros's ghost hits you.
* * * LOW HITPOINT WARNING * * *
You miss M4edhros's ghost.
M4edhros's ghost is heavily damaged.
M4edhros's ghost hits you!
You die...

#.### #.......#
#.... #.......##
##### #........# #
#........# #
###........#
....?..(.!#
#.W†.....# #.@# ..
#.†# .# # #..# .#
#.###..## .#
..#..."...## .#
....<......###.#
[#####......÷.#####
#<...>.......#
#..#####.###.#


You could see M4edhros's ghost.

Vanquished Creatures
  Jessica (D:2)
  A gnoll (D:2)
  6 adders
  2 dart slugs
  2 leopard geckos
  4 orcs
  7 bats
  4 giant cockroaches
  7 goblins
  5 hobgoblins
  11 kobolds
  2 quokkas (D:2)
  4 frilled lizards
  9 rats
65 creatures vanquished.

Notes
Turn   | Place    | Note
-------+----------+-------------------------------------------
     0 | D:1      | Ordine the Octopode Monk began the quest for the Orb.
     0 | D:1      | Reached XP level 1. HP: 17/17 MP: 1/1
   124 | D:1      | Reached XP level 2. HP: 15/22 MP: 2/2
   338 | D:1      | Reached skill level 1 in Unarmed Combat
   821 | D:1      | Reached XP level 3. HP: 23/27 MP: 3/3
  1292 | D:2      | Noticed Jessica
  1297 | D:2      | Killed Jessica
  1297 | D:2      | Reached XP level 4. HP: 30/33 MP: 4/4
  1645 | D:2      | Reached skill level 6 in Stealth
  1754 | D:2      | Reached XP level 5. HP: 28/38 MP: 5/5
  1810 | D:2      | Found a hide-covered altar of Uskayaw.
  1975 | D:2      | Found an iron altar of Okawaru.
  2451 | D:3      | Noticed M4edhros's ghost (weakling SpTm)
  2479 | D:3      | Slain by M4edhros's ghost

Vault maps used:
D:1:      onia_arrival_mini_maze_b, hangedman_decor_points
D:2:      nicolae_overflow_hidden_temple, okawaru_altar_gauntlet_db,
          uniq_jessica
D:3:      gammafunk_temple_overflow_elements

Skill      XL: |  1  2  3  4 |
---------------+-------------+-----
Unarmed Combat | 1 2 3 |  3.2
Stealth        | 6 |  6.3
Fighting       | |  4.5
Dodging        | |  4.4

Action                   |  1- 3 |  4- 6 || total
-------------------------+-------+-------++-------
Melee: Unarmed           |    82 |    90 ||   172
       Constrict         |    19 |    20 ||    39
       Tentacles         |     8 |    15 ||    23
       Punch             |       |     2 ||     2
Throw: Stone             |     1 |       ||     1
  Use: Scroll            |     2 |     1 ||     3
       Potion            |       |     4 ||     4
 Stab: Sleeping          |     5 |    13 ||    18
       Distracted        |       |     1 ||     1
  Eat: Chunk             |     1 |     4 ||     5
Armor: Skin              |     9 |     2 ||    11
Dodge: Dodged            |    88 |    75 ||   163
